 Dungeon Crawl Stone Soup version 0.24.0-123-gd5b16e6ec5 (webtiles) character file.

Game seed: 9423231830860197238, levelgen mode: deterministic

4598 Norian the Thaumaturge (level 10, -10/52 HPs)
             Began as a Deep Elf Conjurer on Dec 20, 2019.
             Was a Believer of Vehumet.
             Shot with a sling bullet by Joseph (23 damage)
             ... on level 8 of the Dungeon.
             The game lasted 00:23:52 (8200 turns).

Norian the Thaumaturge (Deep Elf Conjurer)          Turns: 8200, Time: 00:23:52

Health: -10/52     AC:  4    Str:  8    XL:     10   Next: 19%
Magic:  8/26       EV: 15    Int: 21    God:    Vehumet [**....]
Gold:   700        SH:  0    Dex: 15    Spells: 14/29 levels left

rFire    . . .     SeeInvis .   y - +3 scimitar (flame)
rCold    . . .     Gourm    +   (no shield)
rNeg     . . .     Faith    .   a - +0 robe
rPois    .         Spirit   .   k - +0 helmet
rElec    .         Reflect  .   (no cloak)
rCorr    .         Harm     .   (no gloves)
MR       +....                  d - +0 pair of boots
Stlth    ++........             n - amulet of the gourmand
HPRegen  1.17/turn              (no ring)
MPRegen  0.20/turn              (no ring)

@: regenerating
A: no striking features
a: Renounce Religion


You were on level 8 of the Dungeon.
You worshipped Vehumet.
Vehumet was pleased with you.
You were full.

You visited 2 branches of the dungeon, and saw 9 of its levels.

You collected 700 gold pieces.

Inventory:

Hand Weapons
 y - a +3 scimitar of flaming (weapon)
Armour
 a - a +0 robe (worn)
 d - a +0 pair of boots (worn)
 k - a +0 helmet (worn)
 m - a +0 buckler
Jewellery
 n - an amulet of the gourmand (around neck)
 w - an uncursed amulet of the acrobat {unknown}
 z - a cursed -5 ring of evasion {unknown}
Wands
 j - a wand of polymorph (4)
 u - a wand of scattershot (4)
 x - a wand of flame (8)
 A - a wand of acid (11)
Scrolls
 f - 5 scrolls of amnesia
 g - 5 scrolls of identify
 i - a scroll of random uselessness
 l - 2 scrolls of enchant weapon {unknown}
 r - 4 scrolls of teleportation
 s - 3 scrolls of remove curse
 v - 2 scrolls of blinking
Potions
 b - 6 potions of curing
 e - a potion of degeneration
 h - a potion of lignification
 o - a potion of brilliance
 p - a potion of mutation {unknown}
 q - a potion of resistance {unknown}
 t - 2 potions of flight {unknown}
Comestibles
 c - 14 rations


   Skills:
 + Level 1.2 Fighting
 + Level 3.3 Armour
 + Level 5.6 Dodging
 - Level 2.4 Stealth
 + Level 1.3 Shields
 - Level 10.0 Spellcasting
 - Level 9.3 Conjurations
 - Level 8.3 Hexes
 - Level 4.0 Charms
 - Level 5.0 Necromancy


You had 14 spell levels left.
You knew the following spells:

 Your Spells              Type           Power        Failure   Level  Hunger
a - Magic Dart            Conj           ####         1%          1    None
b - Iskenderun's Mystic   Conj           #####...     1%          4    ##.....
c - Fulminant Prism       Conj/Hex       #####.....   1%          4    ##.....
d - Regeneration          Chrm/Necr      ####......   3%          3    None
e - Vampiric Draining     Necr           ####......   2%          3    None

Your spell library contained the following spells:

 Spells                   Type           Power        Failure   Level  Hunger
 Throw Flame              Conj/Fire      ####..       1%          2    None
 Animate Skeleton         Necr           N/A          1%          1    None
 Confusing Touch          Hex            #####.       1%          1    None
 Pain                     Necr           ####         1%          1    None
 Searing Ray              Conj           #####.       1%          2    None
 Throw Frost              Conj/Ice       ####..       1%          2    None
 Confuse                  Hex            #####...     1%          3    None
 Dazzling Spray           Conj/Hex       #####.       1%          3    None
 Freeze                   Ice            ##..         6%          1    None
 Ozocubu's Armour         Chrm/Ice       ###.....     9%          3    None
 Animate Dead             Necr           N/A          9%          4    ##.....
 Force Lance              Conj/Tloc      ####....     10%         4    ##.....
 Throw Icicle             Conj/Ice       ####....     10%         4    ##.....
 Gell's Gravitas          Tloc           ##........   19%         3    None
 Metabolic Englaciation   Hex/Ice        ####......   32%         5    ####...
 Yara's Violent Unravell  Hex/Tmut       ####......   32%         5    ####...
 Petrify                  Tmut/Erth      ##......     54%         4    ##.....
 Summon Ice Beast         Ice/Summ       ##......     54%         4    ##.....


Dungeon Overview and Level Annotations

Branches:
Dungeon (8/15)             Temple (1/1) D:6
   Lair: D:8-11

Altars:
Ashenzari
Cheibriados
Dithmenos
Elyvilon
Fedhas
Gozag
Hepliaklqana
Kikubaaqudgha
Makhleb
Nemelex Xobeh
Okawaru
Qazlal
Ru
Sif Muna
Trog
Uskayaw
Vehumet
Wu Jian
Xom
Yredelemnul
Zin
The Shining One

Shops:
D:6 *   D:7 =

Annotations:
D:6 1 runed translucent door, pachvara's ghost, novice TrMo
D:8 Joseph


Message History

Joseph unwields a +0 hunting sling.
Joseph wields a +0 quarterstaff.
Joseph hits your fulminant prism with a +0 quarterstaff!!
Your fulminant prism detonates feebly.
Joseph unwields a +0 quarterstaff.
Joseph wields a +0 hunting sling.
Joseph shoots a sling bullet.
The sling bullet misses you.
Your skin is crawling a little less now.
Your skin stops crawling.
You see here a sling bullet.
Joseph shoots a sling bullet.
The sling bullet hits you!
* * * LOW HITPOINT WARNING * * *
You see here 3 sling bullets.
You see here a sling bullet.
Casting: Fulminant Prism (safe; 1% risk of failure)
Confirm with . or Enter, or press ? or * to list all spells.
Okay, then.
Casting: Fulminant Prism (safe; 1% risk of failure)
Confirm with . or Enter, or press ? or * to list all spells.
Your skin crawls.
Joseph shoots a sling bullet.
The sling bullet hits you!!
You die...

###.###.## #....
#######.(## ##.####....
#..@.(....###..........
#..####@##.#.######...#
#†(# #.###..# #....
#######..# #.# ##.#
###.# .......(.# #.#
#.# #.# #####.(.#####.#
#.# #.# #$......@.#
#.########.#
#..########
#........... #..#
############ #.<#
#......... #.########
#. #. #.


You could see Joseph.

Vanquished Creatures
  Erica (D:8)
  Pikel (D:8)
  Prince Ribbit (D:7)
  Eustachio (D:4)
  A wyvern (D:6)
  A black bear (D:7)
  2 orc warriors (D:7)
  An ice beast (D:6)
  A phantom (D:4)
  3 slaves (D:8)
  A sky beast (D:5)
  2 ogres
  4 centaurs
  4 bullfrogs
  A gnoll sergeant (D:5)
  A wyvern skeleton (D:7)
  4 killer bees (D:5)
  4 wights (D:6)
  A howler monkey (D:5)
  A crimson imp (D:8)
  6 hounds
  A bullfrog zombie (D:7)
  A centaur skeleton (D:8)
  4 orc priests
  4 jellies
  6 orc wizards
  Terence (D:3)
  3 iguanas
  6 worker ants
  A killer bee zombie (D:8)
  A hound zombie (D:5)
  A hound skeleton (D:5)
  A howler monkey zombie (D:7)
  Robin (D:2)
  3 gnolls (D:5)
  A worker ant zombie (D:7)
  8 adders
  2 shadow imps
  An adder zombie (D:5)
  An adder skeleton (D:8)
  A worm (D:6)
  2 dart slugs (D:1)
  8 leopard geckos
  18 orcs
  5 bats
  8 giant cockroaches
  14 goblins
  7 hobgoblins
  4 jackals (D:5)
  8 kobolds
  A quokka (D:5)
  5 ball pythons
  4 frilled lizards
  A leopard gecko skeleton (D:4)
  7 rats
182 creatures vanquished.

Vanquished Creatures (others)
  An orc (D:8)
  37 fulminant prisms
38 creatures vanquished.

Grand Total: 220 creatures vanquished

Notes
Turn   | Place    | Note
-------+----------+-------------------------------------------
     0 | D:1      | Norian the Deep Elf Conjurer began the quest for the Orb.
     0 | D:1      | Reached XP level 1. HP: 10/10 MP: 6/6
   276 | D:1      | Reached XP level 2. HP: 15/15 MP: 0/8
   837 | D:1      | Reached skill level 4 in Spellcasting
   963 | D:2      | Reached skill level 5 in Conjurations
   963 | D:2      | Reached XP level 3. HP: 19/19 MP: 5/10
   992 | D:2      | Noticed Robin
  1242 | D:2      | Killed Robin
  1242 | D:2      | Reached XP level 4. HP: 21/24 MP: 1/12
  1428 | D:2      | Learned a level 4 spell: Iskenderun's Mystic Blast
  1433 | D:2      | Learned a level 4 spell: Fulminant Prism
  1467 | D:2      | Found a faded altar of an unknown god.
  1837 | D:3      | Noticed Terence
  1843 | D:3      | Killed Terence
  1843 | D:3      | Reached skill level 5 in Spellcasting
  1843 | D:3      | Reached skill level 1 in Hexes
  1963 | D:3      | Reached XP level 5. HP: 26/28 MP: 9/14
  2558 | D:4      | Noticed a phantom
  2663 | D:4      | Killed a phantom
  2784 | D:4      | Noticed Eustachio
  2844 | D:4      | Killed Eustachio
  2844 | D:4      | Reached skill level 6 in Spellcasting
  2844 | D:4      | Reached XP level 6. HP: 24/32 MP: 0/17
  3249 | D:5      | Entered Level 5 of the Dungeon
  3322 | D:5      | Noticed a sky beast
  3445 | D:5      | Reached XP level 7. HP: 35/36 MP: 5/19
  3649 | D:5      | Reached skill level 7 in Spellcasting
  3663 | D:5      | HP: 1/36 [ogre/+0 giant spiked club (16)]
  3828 | D:6      | Found Yphag's Elemental Accessories.
  3838 | D:6      | Found a staircase to the Ecumenical Temple.
  3853 | Temple   | Entered the Ecumenical Temple
  3909 | Temple   | Became a worshipper of Vehumet
  3953 | D:6      | Reached skill level 5 in Hexes
  4566 | D:5      | Reached XP level 8. HP: 33/41 MP: 1/21
  4616 | D:5      | Reached skill level 8 in Spellcasting
  5291 | D:5      | Reached skill level 9 in Spellcasting
  5408 | D:5      | Reached * piety under Vehumet
  5408 | D:5      | Offered knowledge of Flame Tongue by Vehumet.
  5911 | D:6      | Reached XP level 9. HP: 45/45 MP: 10/24
  5975 | D:6      | Found a glowing silver altar of Zin.
  6147 | D:6      | Found a runed translucent door.
  6148 | D:6      | Noticed pachvara's ghost (novice TrMo)
  6471 | D:7      | Noticed Prince Ribbit
  6488 | D:7      | Killed Prince Ribbit
  6488 | D:7      | Reached skill level 1 in Armour
  6488 | D:7      | Reached skill level 10 in Spellcasting
  6625 | D:7      | Found Miuvur's Jewellery Shop.
  6656 | D:7      | Learned a level 3 spell: Regeneration
  6660 | D:7      | Learned a level 3 spell: Vampiric Draining
  6741 | D:7      | Reached skill level 1 in Charms
  6741 | D:7      | Reached skill level 1 in Necromancy
  7631 | D:8      | Noticed Joseph
  7700 | D:8      | Noticed Erica
  7804 | D:8      | Killed Erica
  7804 | D:8      | Reached skill level 5 in Dodging
  7856 | D:8      | Reached skill level 5 in Necromancy
  7856 | D:8      | Reached XP level 10. HP: 50/50 MP: 20/26
  7899 | D:8      | Reached ** piety under Vehumet
  7899 | D:8      | Offered knowledge of Throw Flame by Vehumet.
  8018 | D:8      | Noticed Pikel
  8024 | D:8      | Killed Pikel
  8024 | D:8      | Reached skill level 1 in Fighting
  8024 | D:8      | Reached skill level 1 in Shields
  8171 | D:8      | HP: 2/52 [Joseph/sling bullet (18)]
  8200 | D:8      | Shot with a sling bullet by Joseph

Levels and vault maps discovered:
D:1:      dpeg_arrival_radiant, layout_loops_corners
D:2:      layout_rooms, chequers_ecumenical_altar_lobes, grunt_ministairs_7,
          uniq_robin
D:3:      layout_basic, first_ration, uniq_terence
D:4:      layout_basic, uniq_eustachio
D:5:      minmay_polygon_palace, layout_basic, portal_sewer_entry_f
D:6:      layout_rooms, kennysheep_little_box,
          minmay_temple_entry_drinking_statues, ebering_ghost_inner_flame,
          nicolae_elemental_shop
D:7:      layout_rooms, serial_shops, shop, uniq_prince_ribbit1
D:8:      layout_loops_ring, hangedman_ranch [blue_anna_fruit_fields],
          uniq_joseph, uniq_erica, uniq_pikel
Temple:   kilobyte_greek_temple

Skill      XL: |  1  2  3  4  5  6  7  8  9 10 |
---------------+-------------------------------+-----
Spellcasting   | 4 5 6 7 9 10 | 10.0
Conjurations   | 5 6 7 9 |  9.3
Hexes          | 1 3 4 6 8 |  8.3
Dodging        | 5 |  5.6
Armour         | 2 3 |  3.3
Charms         | 4 |  4.0
Necromancy     | 5 |  5.0
Fighting       | 1 |  1.2
Shields        | 1 |  1.3
Stealth        | |  2.4

Action                   |  1- 3 |  4- 6 |  7- 9 | 10-12 || total
-------------------------+-------+-------+-------+-------++-------
Melee: Unarmed           |     5 |       |       |       ||     5
       Club              |       |    10 |       |       ||    10
       Short sword       |       |    20 |    45 |       ||    65
       Scimitar          |       |       |     1 |     9 ||    10
 Cast: Magic Dart        |    79 |   112 |   127 |    26 ||   344
       Iskenderun's Myst |       |     7 |    60 |     3 ||    70
       Fulminant Prism   |       |     2 |    27 |     8 ||    37
       Vampiric Draining |       |       |     2 |       ||     2
       Regeneration      |       |       |       |     2 ||     2
Evoke: Wand              |       |       |     1 |       ||     1
  Use: Potion            |     1 |     1 |     8 |       ||    10
       Scroll            |       |       |     6 |       ||     6
  Eat: Chunk             |     1 |     7 |    24 |     1 ||    33
       Ration            |       |       |     2 |       ||     2
Armor: Robe              |     7 |    23 |    16 |     5 ||    51
       Skin              |       |       |    33 |       ||    33
Dodge: Dodged            |    30 |    60 |    80 |    17 ||   187
       Rpst.: Scimitar   |       |       |       |     4 ||     4
